 Dungeon Crawl Stone Soup version 0.15-a0-429-gf5d7e11 (webtiles) character file.

395 PolkaDot the Slasher (level 6, 0/47 HPs)
             Began as a Vampire Gladiator on May 6, 2014.
             Slain by a centaur (3 damage)
             ... on Level 4 of the Dungeon.
             The game lasted 00:09:03 (2504 turns).

PolkaDot the Slasher (Vampire Gladiator)            Turns: 2504, Time: 00:09:04

HP   0/47        AC  6     Str 19      XL: 6   Next:  5%
MP   6/6         EV 14     Int 10      God:
Gold 116         SH  0     Dex 16      Spells:  0 memorised,  5 levels left

rFire  . . .     SeeInvis +     a - +0 long sword
rCold  . . .     Clarity  .     b - +0 leather armour
rNeg   . . .     Conserve .     (no shield)
rPois  .         rCorr    .     c - +0 helmet
rElec  .         rRot     .     (no cloak)
SustAb . .       Spirit   .     (no gloves)
rMut   .         Warding  .     j - +1 pair of boots
Saprov . . .     Stasis   .     (no amulet)
MR     .....                    (no ring)
                                h - +5 ring of strength

@: regenerating quickly, not resistant to hostile enchantments, very unstealthy
A: bottle blood, fangs 3, see invisible, unbreathing
a: Bottle Blood


You were on level 4 of the Dungeon.
You were very full.

You visited 1 branch of the dungeon, and saw 4 of its levels.

You collected 116 gold pieces.

Inventory:

Hand weapons
 a - a +0,+0 long sword (weapon)
Missiles
 d - 5 throwing nets (quivered)
Armour
 b - a +0 leather armour (worn)
 c - a +0 helmet (worn)
 j - a +1 pair of boots (worn)
Magical devices
 n - a wand of magic darts (10)
Scrolls
 e - 2 scrolls of recharging
 g - a scroll of remove curse
 k - 2 scrolls of identify
Jewellery
 h - a +5 ring of strength (left hand)
Potions
 f - a potion of restore abilities {unknown}
 i - 2 potions of curing
 l - a potion of lignification
 m - a potion of heal wounds


   Skills:
 + Level 3.4 Fighting
 * Level 5.1 Long Blades
 - Level 1.5 Throwing
 + Level 4.5 Dodging


You had 5 spell levels left.
You didn't know any spells.

Dungeon Overview and Level Annotations

Branches:
Dungeon (4/15)
 Temple: D:4-7

Altars:


Innate Abilities, Weirdness & Mutations

Your natural rate of healing is unusually fast.
You can bottle blood from corpses.
You have razor-sharp teeth.*
You have supernaturally acute eyesight.
You can survive without breathing.*


Message History

The centaur shoots an arrow.
The arrow misses you.
You see here an arrow.
You hit the centaur.
The centaur is lightly wounded.
The centaur unwields an uncursed bow.
The centaur closely misses you.
You slash the centaur! Your bite misses the centaur.
The centaur is severely wounded.
The centaur closely misses you. x2
You hit the centaur.
The centaur is almost dead.
The centaur completely misses you. The centaur misses you.
You barely miss the centaur.
The centaur is severely wounded.
The centaur closely misses you.
You hit the centaur but do no damage.
The centaur is severely wounded.
The centaur hits you!
* * * LOW HITPOINT WARNING * * *
The centaur hits you.
You die...

#§########.... #§§....###....
#§............ #####.####....
........)... #####.########'
#.....#..^...#.
#################.#####.#..#...
..........((.(@c.>.............
############.......####.#######
#.#####.# #........ #.# #.#
######### #.#####.# #.....#.#
#####.#.# #.#.# #.#.#


You could see a centaur.

Vanquished Creatures
  The ghost of TwoHeadedOgre the Cudgeler, an average DgFi (D:3)
  An orc wizard (D:3)
  A worker ant (D:4)
  Ijyb (D:2)
  4 adders
  A worm (D:3)
  2 giant eyeballs (D:4)
  A giant gecko (D:2)
  An ooze (D:2)
  6 orcs (D:3)
  7 bats
  4 giant cockroaches
  8 hobgoblins
  3 jackals (D:3)
  7 kobolds
  4 quokkas
  A ball python (D:1)
  2 giant newts
  11 goblins
  8 rats
74 creatures vanquished.

Notes
Turn   | Place    | Note
--------------------------------------------------------------
     0 | D:1      | PolkaDot, the Vampire Gladiator, began the quest for the Orb.
     0 | D:1      | Reached XP level 1. HP: 16/16 MP: 1/1
   349 | D:1      | Reached XP level 2. HP: 22/22 MP: 2/2
   790 | D:2      | Noticed Ijyb
   817 | D:2      | Killed Ijyb
   817 | D:2      | Reached XP level 3. HP: 24/28 MP: 3/3
   893 | D:2      | Reached skill level 4 in Long Blades
  1247 | D:2      | Reached XP level 4. HP: 29/34 MP: 4/4
  1851 | D:3      | Noticed TwoHeadedOgre's ghost (average DgFi)
  1862 | D:3      | Killed TwoHeadedOgre's ghost
  1862 | D:3      | Reached skill level 5 in Long Blades
  1862 | D:3      | Reached XP level 5. HP: 28/41 MP: 5/5
  2351 | D:4      | Paralysed by a giant eyeball for 2 turns
  2367 | D:4      | Paralysed by a giant eyeball for 4 turns
  2407 | D:4      | Reached XP level 6. HP: 44/47 MP: 6/6
  2504 | D:4      | Slain by a centaur

Action                   |  1- 3 |  4- 6 || total
-------------------------+-------+-------++-------
Melee: Long sword        |   109 |   115 ||   224
Evoke: Wand              |       |     1 ||     1
  Use: Potion            |     1 |     2 ||     3
       Scroll            |       |     8 ||     8
